 Dungeon Crawl Stone Soup version 0.32-a0-975-g85d4e5bfdb (console) character file.

Game seed: 5986746945961043328

6238 petzl the Thaumaturge (level 11, 0/82 (83) HPs)
             Began as a Formicid Delver on Apr 18, 2024.
             Was a Believer of Vehumet.
             Slain by a laughing skull (8 damage)
             ... on level 2 of the Abyss on Apr 21, 2024.
             The game lasted 01:07:30 (13056 turns).

petzl the Thaumaturge (Formicid Delver)            Turns: 13056, Time: 01:07:33

HP:   0/82 (83)     AC: 12    Str: 17    XL:     11   Next: 14%
MP:   20/24         EV: 16    Int: 14    God:    Vehumet [**....]
Gold: 371           SH:  0    Dex: 13    Spells: 28/29 levels left

rFire   . . .        e - +3 quarterstaff (chaos)
rCold   . . .        (no shield)
rNeg    . . .        m - +4 ring mail
rPois   .            (helmet unavailable)
rElec   .            N - +1 cloak
rCorr   .            (no gloves)
SInv    +            (no boots)
Will    +....        J - amulet of the acrobat
Stlth   ++           R - +5 ring of evasion
HPRegen 0.33/turn    O - +4 ring of slaying
MPRegen 0.19/turn

%: acrobat
@: lightly drained
A: permanent stasis, dig shafts and tunnels, antennae 3, four strong arms,
clumsy 1
a: Dig, Shaft Self, Renounce Religion


You were on level 2 of the Abyss.
You worshipped Vehumet.
Vehumet was pleased with you.
You visited 1 branch of the dungeon, and saw 10 of its levels.
You visited the Abyss 1 time.

You collected 503 gold pieces.
You spent 132 gold pieces at shops.

Inventory:

Hand Weapons
 a - a +0 sling of flaming
 b - a +2 dagger of venom {!f =f}
 c - a +3 scimitar
 d - the +4 hammer "Goptut" {drain, *Noise Fly rElec rN+}
   (You found it on level 7 of the Dungeon)

   rElec:     It insulates you from electricity.
   rN+:       It protects you from negative energy.
   Fly:       It grants you flight.
   *Noise:    It may make a loud noise when swung.
 e - a +3 quarterstaff of chaos (weapon)
 u - a +2 heavy flail
 A - a +0 orcbow
 L - a +1 trident of venom
 S - a +2 mace of freezing
 U - a +0 shortbow
Missiles
 p - a curare-tipped dart (quivered)
 v - 4 javelins
Armour
 g - the +0 leather armour of Atheism {Int+2}
   (You found it on level 5 of the Dungeon)

   Int+2:     It affects your intelligence (+2).
 m - a +4 ring mail (worn)
 K - a +0 troll leather armour
 N - a +1 cloak (worn)
Jewellery
 i - an amulet of reflection
 w - a ring of flight
 J - an amulet of the acrobat (around neck)
 O - a +4 ring of slaying (right hand)
 Q - a +6 ring of strength
 R - a +5 ring of evasion (left hand)
Wands
 f - a wand of digging (3)
 s - a wand of mindburst (4)
 y - a wand of flame (13)
 C - a wand of iceblast (13)
 H - a wand of paralysis (1)
Scrolls
 j - 2 scrolls of enchant weapon
 l - a scroll of torment
 n - 3 scrolls of immolation
 t - a scroll of vulnerability
 B - a scroll of fog
 D - 2 scrolls of poison
 G - 2 scrolls of revelation
 M - a scroll of amnesia
 T - a scroll of identify
Potions
 h - a potion of brilliance {unknown}
 k - a potion of lignification {unknown}
 r - a potion of attraction {unknown}
 z - a potion of mutation {unknown}
 F - a potion of magic {unknown}
 I - a potion of might {unknown}
 P - a potion of haste {unknown}


   Skills:
 + Level 6.5 Fighting
 - Level 2.0 Short Blades
 - Level 2.0 Maces & Flails
 - Level 5.0 Ranged Weapons
 + Level 5.3 Armour
 + Level 4.8 Dodging
 - Level 6.0 Stealth
 + Level 9.6 Spellcasting
 * Level 5.2 Conjurations
 + Level 3.8 Air Magic


You had 28 spell levels left.
You knew the following spells:

 Your Spells              Type           Power      Damage    Failure   Level
a - Shock                 Conj/Air       76%        1d7       3%          1

Your spell library contained the following spells:

 Spells                   Type           Power      Damage    Failure   Level
 Mercury Vapours          Alch/Air       24%        N/A       13%         2
 Cigotuvi's Dreadful Rot  Necr/Alch/Air  20%        N/A       17%         2
 Dispel Undead            Necr           6%         3d8       88%         4
 Martyr's Knell           Necr/Summ      6%         N/A       88%         4


Dungeon Overview and Level Annotations

Branches:
Dungeon (10/15)            Temple (0/1) D:6
   Lair: D:8-11         Orc: D:9-12

Altars:
Sif Muna
Vehumet

Shops:
D:2 !*

Annotations:
D:9 Maggie


Innate Abilities, Weirdness & Mutations

You cannot be hasted, slowed, berserked, paralysed or teleported.
You can dig through walls and to a lower floor.
You have a pair of large antennae on your head. (SInv)
Your four strong arms can wield two-handed weapons with a shield.
You are clumsy. (Dex -2)


Message History

The small abomination hits you but does no damage.
The laughing skull headbutts you but does no damage.
The small abomination hits you!
* * * LOW HITPOINT WARNING * * *
Unknown command.
You feel better.
The laughing skull headbutts you but does no damage.
The small abomination misses you.
The laughing skull headbutts you but does no damage.
You thump the small abomination!
The small abomination is moderately damaged.
The laughing skull headbutts you!
* * * LOW HITPOINT WARNING * * *
The small abomination barely misses you.
Unknown command.
Aiming: Paralyse
Press: ? - help, Shift-Dir - straight line, f - small abomination
Aim: a small abomination (moderately damaged, chance to affect: 31%)
The small abomination easily resists.
The laughing skull headbutts you!
* * * LOW HITPOINT WARNING * * *
The small abomination closely misses you.
The laughing skull headbutts you but does no damage.
Unknown command.
You feel better. The small abomination hits you!
* * * LOW HITPOINT WARNING * * *
The laughing skull closely misses you.
The small abomination hits you but does no damage.
Aiming: Paralyse
Press: ? - help, Shift-Dir - straight line, f/p - small abomination
Aim: a small abomination (moderately damaged, chance to affect: 31%)
Okay, then.
Unknown command.
You feel better. The laughing skull misses you.
The brain worm's throbbing head pulsates.
Something gnaws on your mind!
* * * LOW HITPOINT WARNING * * *
You feel your power leaking away. The laughing skull headbutts you!
You die...
The laughing skull crumbles to pieces from sheer joy.

. .... . # # ..
..#. # ## #. ##..
. .#. #.. #.####.
....#. .. ..# ## .
w# { .# #.#...#
#... #{.### #..
..### { . ..#.###
. {3.#ยงยง .
##Z...#.###..#...4
#zxw#. . #.#...###
#@##.###{Z...#..#,
####..#.. ####.. #
.# ##..# .. .
#.##.. .## ..
##.## ... . #. .
.. #..# . . .# # .
# ..


You could see a small abomination, a laughing skull, a brain worm and a harpy
simulacrum (slow).

Vanquished Creatures
  Erolcha (D:9)
  Pikel (D:9)
  Psyche (D:8)
  3 trolls (D:7)
  A blink frog (Abyss:1)
  A vampire (D:10)
  A wyvern (D:8)
  A steam dragon (D:10)
  A water moccasin (D:7)
  3 acid dragons
  2 black bears
  2 sky beasts
  An ice beast (D:7)
  A laughing skull (Abyss:1)
  An ogre (D:7)
  2 centaurs
  2 lemures (D:9)
  2 phantoms
  5 scorpions
  3 bullfrogs
  9 wights
  9 killer bees
  4 howler monkeys
  A jelly (D:8)
  5 hounds
  4 orc priests
  Crazy Yiuf (D:7)
  2 sleepcaps
  An iguana (D:6)
  Ijyb (D:3)
  Natasha (thrice) (D:3)
  3 orc wizards
  A gnoll (D:1)
  7 adders
  3 shadow imps
  4 white imps
  3 ufetubi
  2 ribbon worms
  6 dart slugs
  29 orcs
  8 bats
  6 endoplasms
  4 giant cockroaches
  5 goblins
  6 hobgoblins
  4 jackals (D:4)
  5 kobolds
  6 quokkas
  6 ball pythons
  5 frilled lizards
  8 rats
196 creatures vanquished.

Vanquished Creatures (others)
  An ufetubus (Abyss:2)
  16 starspawn tentacles
17 creatures vanquished.

Grand Total: 213 creatures vanquished

Notes
Turn   | Place    | Note
-------+----------+-------------------------------------------
     0 | D:5      | petzl the Formicid Delver began the quest for the Orb.
     0 | D:5      | Reached XP level 1. HP: 18/18 MP: 1/1
     5 | D:5      | Identified the +0 leather armour of Atheism {Int+2}
   229 | D:5      | Noticed a hound
   273 | D:5      | Noticed a phantom
   328 | D:5      | Noticed a hound
   339 | D:4      | Reached skill level 1 in Spellcasting
   339 | D:4      | Reached XP level 2. HP: 20/24 MP: 1/4
   556 | D:3      | Noticed Natasha
   643 | D:3      | Reached skill level 2 in Spellcasting
   666 | D:3      | Reached XP level 3. HP: 24/29 MP: 6/6
   887 | D:2      | Found Egohy's Assorted Antiques.
   911 | D:2      | Bought a black potion for 23 gold pieces
   911 | D:2      | Bought a scroll labelled ISOEXA HAURA for 26 gold pieces
   911 | D:2      | Bought an emerald potion for 23 gold pieces
   947 | D:2      | Reached skill level 3 in Spellcasting
  1148 | D:1      | Reached XP level 4. HP: 35/35 MP: 8/8
  1864 | D:2      | Reached skill level 4 in Spellcasting
  1864 | D:2      | Reached XP level 5. HP: 27/41 MP: 9/11
  2105 | D:2      | Found Mekit's Distillery.
  2108 | D:2      | Bought a potion of degeneration for 10 gold pieces
  2108 | D:2      | Bought a potion of heal wounds for 50 gold pieces
  2568 | D:3      | Noticed Ijyb
  2577 | D:3      | Killed Ijyb
  3134 | D:3      | Killed Natasha
  3135 | D:3      | Reached skill level 5 in Spellcasting
  3135 | D:3      | Reached XP level 6. HP: 47/47 MP: 13/13
  3392 | D:3      | Noticed Natasha
  3399 | D:3      | Killed Natasha
  3540 | D:3      | Noticed Natasha
  3550 | D:3      | Killed Natasha
  3723 | D:4      | Reached skill level 6 in Spellcasting
  4149 | D:4      | Found a radiant altar of Vehumet.
  4149 | D:4      | Found a shimmering blue altar of Sif Muna.
  4155 | D:4      | Became a worshipper of Vehumet
  4400 | D:1      | Reached XP level 7. HP: 52/52 MP: 16/16
  4907 | D:5      | Reached skill level 7 in Spellcasting
  5832 | D:5      | Reached skill level 8 in Spellcasting
  5867 | D:5      | Reached XP level 8. HP: 53/58 MP: 20/20
  6253 | D:6      | Found a staircase to the Ecumenical Temple.
  6342 | D:6      | Reached * piety under Vehumet
  6342 | D:6      | Offered knowledge of Shock by Vehumet.
  6343 | D:6      | Reached skill level 9 in Spellcasting
  6345 | D:6      | Learned a level 1 spell: Shock
  6391 | D:6      | HP: 1/54 [wight/+3 dire flail of freezing (3)]
  6787 | D:6      | Reached skill level 1 in Ranged Weapons
  6787 | D:6      | Reached skill level 1 in Armour
  6905 | D:6      | Reached skill level 1 in Short Blades
  7140 | D:6      | Reached skill level 1 in Conjurations
  7343 | D:6      | Reached skill level 1 in Air Magic
  7441 | D:6      | Reached XP level 9. HP: 65/65 MP: 22/22
  7493 | D:7      | Noticed a troll
  7502 | D:7      | Killed a troll
  7737 | D:7      | Noticed a troll
  8002 | D:7      | Noticed a troll
  8034 | D:7      | Killed a troll
  8089 | D:7      | Offered knowledge of Mercury Vapours by Vehumet.
  8454 | D:7      | Killed a troll
  8455 | D:7      | Reached skill level 5 in Fighting
  8461 | D:7      | Reached XP level 10. HP: 64/74 MP: 23/23
  8937 | D:7      | Found a runed translucent door.
  8938 | D:7      | Noticed Crazy Yiuf
  8949 | D:7      | Killed Crazy Yiuf
  8969 | D:7      | Identified the +4 hammer "Goptut" {drain, *Noise Fly rElec
                  | rN+}
  9457 | D:8      | Noticed a red ugly thing
  9500 | D:8      | Noticed Psyche
  9696 | D:8      | Reached ** piety under Vehumet
  9697 | D:8      | Reached skill level 5 in Ranged Weapons
  9984 | D:8      | Killed Psyche
 10969 | D:10     | Entered Level 10 of the Dungeon
 11275 | D:9      | Noticed Erolcha
 11675 | D:9      | Noticed Maggie
 11728 | D:9      | Noticed Pikel
 11765 | D:9      | Killed Pikel
 11877 | D:9      | Identified the +1 whip of the Elven Halls {antimagic, rC+
                  | Dex+3 Stlth+}
 12326 | D:9      | Killed Erolcha
 12327 | D:9      | Reached skill level 5 in Armour
 12327 | D:9      | Reached skill level 5 in Conjurations
 12327 | D:9      | Reached XP level 11. HP: 58/83 MP: 24/24
 12488 | Abyss:1  | Cast into level 1 of the Abyss (Maggie)
 12550 | Abyss:1  | Noticed a thrashing horror
 12661 | Abyss:1  | Found a hazy altar of Hepliaklqana.
 12669 | Abyss:1  | Found a hazy altar of Hepliaklqana.
 12669 | Abyss:1  | Found a hazy altar of Hepliaklqana.
 12744 | Abyss:1  | Noticed a large abomination
 12752 | Abyss:1  | Noticed a tentacled starspawn
 12763 | Abyss:1  | Noticed a lich
 12765 | Abyss:1  | Noticed a starcursed mass
 12768 | Abyss:1  | Noticed a Hell Sentinel
 12770 | Abyss:1  | Noticed a thrashing horror
 12771 | Abyss:1  | Noticed a thrashing horror
 12778 | Abyss:1  | Found a corrupted altar of Lugonu.
 12778 | Abyss:1  | Noticed a large abomination
 12778 | Abyss:1  | Noticed a cacodemon
 12779 | Abyss:1  | Gained mutation: You are clumsy. (Dex -2) [a cacodemon]
 12781 | Abyss:1  | HP: 3/83 [cacodemon/bolt of devastation (33)]
 12823 | Abyss:2  | Found a corrupted altar of Lugonu.
 12832 | Abyss:2  | Noticed a large abomination
 12852 | Abyss:2  | Noticed a wretched star
 12854 | Abyss:2  | Noticed a tentacled starspawn
 12865 | Abyss:2  | Noticed a bone dragon
 12949 | Abyss:2  | Noticed a starcursed mass
 13018 | Abyss:2  | Noticed a large abomination
 13031 | Abyss:2  | Noticed a thrashing horror
 13056 | Abyss:2  | Slain by a laughing skull

Illustrated notes

Levels and vault maps discovered:
D:1:      saegor_arrival_simple_d, layout_basic
D:2:      layout_loops_ring, serial_shops, nicolae_shop_real_fake_doors, shop,
          kennysheep_nub
D:3:      layout_basic, uniq_natasha, uniq_ijyb
D:4:      layout_basic, gammafunk_temple_overflow_statue,
          minmay_fractal_squares_5
D:5:      layout_layer_cave
D:6:      layout_gridville, minmay_temple_entry_ruins
D:7:      layout_loops_ring, minmay_chambers_of_fives, uniq_crazy_yiuf_cottage
D:8:      layout_layer_cave, onia_ninara_dug_in_and_dangerous, uniq_psyche
D:9:      layout_stronghold, uniq_erolcha, uniq_pikel, uniq_maggie
D:10:     layout_long_grid, serial_co_window_serial, co_window_paths_a,
          co_window_corner_a, co_window_paths_b, co_window_corner_a,
          co_window_paths_a, co_window_paths_b, co_window_paths_b,
          co_window_2corner, co_window_unsneaky_path_b, co_window_broadway_b,
          co_window_corner_ca, co_window_of_opportunity_b, co_window_4corner_b,
          glass_columns_c, glass_columns_b, glass_columns_c
Abyss:2:  base: D:1, hangedman_abyss_or_decor_clamps,
          hangedman_abyss_or_decor_clamps, minivault_5,
          hangedman_abyss_mock_shop, evilmike_abyss_exit_14

Skill      XL: |  1  2  3  4  5  6  7  8  9 10 |
---------------+-------------------------------+-----
Spellcasting   | 1 2 3 4 5 6 8 9 |  9.6
Dodging        | 2 3 4 |  4.8
Ranged Weapons | 2 4 5 |  5.0
Armour         | 1 3 5 |  5.3
Short Blades   | 1 2 |  2.0
Conjurations   | 1 2 5 |  5.2
Air Magic      | 1 2 3 |  3.8
Fighting       | 5 6 |  6.5
Maces & Flails | |  2.0
Stealth        | |  6.0

Action                     |  1- 3 |  4- 6 |  7- 9 | 10-12 || total
---------------------------+-------+-------+-------+-------++-------
  Melee: Mace              |     9 |       |       |     8 ||    17
         Quarterstaff      |    38 |    24 |     1 |    42 ||   105
         Dagger            |       |    90 |   165 |   114 ||   369
         Flail             |       |       |     8 |       ||     8
         Scimitar          |       |       |     9 |     5 ||    14
   Fire: Sling             |    10 |   121 |   146 |   109 ||   386
  Throw: Boomerang         |     6 |       |       |       ||     6
         Dart              |       |       |       |     3 ||     3
Ability: Dig               |       |       |       |     1 ||     1
  Evoke: Wand              |       |       |    16 |     1 ||    17
    Use: Scroll            |     3 |     2 |     7 |     4 ||    16
         Potion            |       |       |     3 |    11 ||    14
   Stab: Sleeping          |     3 |     3 |     3 |       ||     9
         Paralysed         |       |       |     6 |       ||     6
 Armour: Leather armour    |    23 |    74 |     5 |       ||   102
         Ring mail         |       |       |   217 |   163 ||   380
  Dodge: Dodged            |    24 |    78 |   184 |   318 ||   604
  Block: Other             |     7 |    37 |    30 |       ||    74
         Reflection        |       |     1 |       |       ||     1

Table legend: (Time is in decaauts)
 A = Elapsed time spent in this place.
 B = Non-inter-level travel time spent in this place.
 C = Inter-level travel time spent in this place.
 D = Time resting spent in this place.
 E = Time spent auto-exploring this place.
 F = Levels seen in this place.
 G = Mean time per level.
                   A        B        C        D        E       F      G
               +--------+--------+--------+--------+--------+-----+--------+
         Total |  13152 |  12221 |    931 |   2407 |   5641 |  12 | 1096.0 |
       Dungeon |  12585 |  11654 |    931 |   2329 |   5641 |  10 | 1258.5 |
         Abyss |    567 |    567 |      0 |     78 |      0 |   2 |  283.5 |
               +--------+--------+--------+--------+--------+-----+--------+

Top non-repeatable levels by time:
     D:6: 1686 daAuts
     D:8: 1686 daAuts
     D:5: 1643 daAuts
     D:9: 1428 daAuts
     D:3: 1419 daAuts
     D:7: 1191 daAuts
     D:4: 1168 daAuts
     D:2: 1142 daAuts
     D:1: 756 daAuts
    D:10: 460 daAuts
 Abyss:1: 293 daAuts
 Abyss:2: 273 daAuts
